TOP OF THE 1ST |
Bowie Baysox batting - Pitching for Arkansas Travelers : RHP Luis Cabrera
|
Pitching: RHP Luis Cabrera
|
|
Batting: RHB Jeremy Sipe
|
0-0: Ball 1-0: Called Strike 1-1: Ground out 6-3 (Groundball, 6, EV 101.9 MPH)
|
Batting: LHB Tom Edwards
|
0-0: Foul Ball, location: 2F 0-1: Ball 1-1: Swinging Strike 1-2: Strikes out swinging
|
Batting: RHB Travis Leonard
|
0-0: Ball 1-0: SINGLE (Groundball, 34D, EV 108.1 MPH)
|
Batting: LHB Andrew Erens
|
0-0: Ball Travis Leonard is caught stealing 2nd base 2-6
|
Top of the 1st over - 0 runs, 1 hit, 0 errors, 0 left on base; Bowie 0 - Arkansas 0 |
BOTTOM OF THE 1ST |
Arkansas Travelers batting - Pitching for Bowie Baysox : RHP Cody Calderon
|
Pitching: RHP Cody Calderon
|
|
Batting: RHB Jose Ramirez
|
0-0: Ball 1-0: Ball 2-0: Foul Ball, location: 2F 2-1: Ground out 6-3 (Groundball, 6, EV 89.4 MPH)
|
Batting: RHB Juan Montez
|
0-0: Called Strike 0-1: Ball 1-1: Swinging Strike 1-2: Strikes out swinging
|
Batting: LHB Mark Reeg
|
0-0: Fly out, F9 (Line Drive, 9, EV 89.4 MPH)
|
Bottom of the 1st over - 0 runs, 0 hits, 0 errors, 0 left on base; Bowie 0 - Arkansas 0 |
TOP OF THE 2ND |
Bowie Baysox batting - Pitching for Arkansas Travelers : RHP Luis Cabrera
|
Batting: LHB Andrew Erens
|
0-0: Ground out 4-3 (Groundball, 4S, EV 65.0 MPH)
|
Batting: LHB Justin Moore
|
0-0: Ball 1-0: Called Strike 1-1: Ball 2-1: Ground out 4-3 (Groundball, 4, EV 85.0 MPH)
|
Batting: RHB John Gray
|
0-0: Called Strike 0-1: Ball 1-1: Ball 2-1: Ground out 4-3 (Groundball, 4, EV 82.5 MPH)
|
Top of the 2nd over - 0 runs, 0 hits, 0 errors, 0 left on base; Bowie 0 - Arkansas 0 |
BOTTOM OF THE 2ND |
Arkansas Travelers batting - Pitching for Bowie Baysox : RHP Cody Calderon
|
Batting: LHB Griffin Ferris
|
0-0: Swinging Strike 0-1: Foul Ball, location: 2F 0-2: Strikes out swinging
|
Batting: RHB Juan Martinez
|
0-0: Fly out, F8 (Flyball, 8RM, EV 88.1 MPH)
|
Batting: LHB Justin Balthazor
|
0-0: Ball 1-0: SINGLE (Groundball, 6MS, EV 70.0 MPH) (infield hit)
|
Batting: RHB Ryuji Ito
|
0-0: Ball 1-0: Called Strike 1-1: Ball 2-1: Called Strike 2-2: Ball 3-2: Fly out, F8 (Flyball, 89M, EV 97.5 MPH)
|
Bottom of the 2nd over - 0 runs, 1 hit, 0 errors, 1 left on base; Bowie 0 - Arkansas 0 |
TOP OF THE 3RD |
Bowie Baysox batting - Pitching for Arkansas Travelers : RHP Luis Cabrera
|
Batting: RHB Mike Pitts
|
0-0: Ground out U3 (Groundball, 34S, EV 84.4 MPH)
|
Batting: RHB Ray Sims
|
0-0: Ball 1-0: Swinging Strike 1-1: Foul Ball, location: 2F 1-2: Ball 2-2: Strikes out swinging
|
Batting: RHB Antonio Gamez
|
0-0: Ball 1-0: Swinging Strike 1-1: SINGLE (Groundball, 56S, EV 70.0 MPH) (infield hit)
|
Batting: RHB Jeremy Sipe
|
0-0: Ball 1-0: Ball 2-0: Ball 3-0: Called Strike 3-1: Swinging Strike 3-2: Foul Ball, location: 2F 3-2: Base on Balls Antonio Gamez to second
|
Batting: LHB Tom Edwards
|
0-0: Ball 1-0: Ball 2-0: Ball 3-0: Called Strike 3-1: Base on Balls Antonio Gamez to third Jeremy Sipe to second
|
Batting: RHB Travis Leonard
|
0-0: Foul Ball, location: 2F 0-1: Ball 1-1: Ball 2-1: Ball 3-1: Base on Balls Antonio Gamez scores Jeremy Sipe to third Tom Edwards to second
|
Batting: LHB Andrew Erens
|
0-0: Ball 1-0: Called Strike 1-1: Called Strike 1-2: Strikes out looking
|
Top of the 3rd over - 1 run, 1 hit, 0 errors, 3 left on base; Bowie 1 - Arkansas 0 |
BOTTOM OF THE 3RD |
Arkansas Travelers batting - Pitching for Bowie Baysox : RHP Cody Calderon
|
Batting: RHB Kinya Nishimura
|
0-0: Ball 1-0: Foul Ball, location: 2F 1-1: Called Strike 1-2: Fly out, F8 (Flyball, 8LM, EV 78.1 MPH)
|
Batting: LHB Larry Prey
|
0-0: Called Strike 0-1: Ball 1-1: Ball 2-1: Ball 3-1: Base on Balls
|
Batting: RHB Jose Ramirez
|
0-0: Ball 1-0: Fly out, F9 (Line Drive, 89M, EV 93.8 MPH)
|
Batting: RHB Juan Montez
|
0-0: Ball 1-0: Ball 2-0: Ball 3-0: Called Strike 3-1: Fly out, F3 (Popup, 3F, EV 66.9 MPH)
|
Bottom of the 3rd over - 0 runs, 0 hits, 0 errors, 1 left on base; Bowie 1 - Arkansas 0 |
TOP OF THE 4TH |
Bowie Baysox batting - Pitching for Arkansas Travelers : RHP Luis Cabrera
|
Batting: LHB Justin Moore
|
0-0: Called Strike 0-1: Foul Ball, location: 2F 0-2: Foul Ball, location: 2F 0-2: Foul Ball, location: 2F 0-2: Strikes out swinging
|
Batting: RHB John Gray
|
0-0: Called Strike 0-1: Called Strike 0-2: Strikes out swinging
|
Batting: RHB Mike Pitts
|
0-0: Foul Ball, location: 2F 0-1: Swinging Strike 0-2: Ball 1-2: Strikes out swinging
|
Top of the 4th over - 0 runs, 0 hits, 0 errors, 0 left on base; Bowie 1 - Arkansas 0 |
BOTTOM OF THE 4TH |
Arkansas Travelers batting - Pitching for Bowie Baysox : RHP Cody Calderon
|
Batting: LHB Mark Reeg
|
0-0: Ball 1-0: Foul Ball, location: 2F 1-1: SINGLE (Flyball, 8LS, EV 86.2 MPH)
|
Batting: LHB Griffin Ferris
|
0-0: Ball 1-0: Foul Ball, location: 2F 1-1: Ball 2-1: SINGLE (Groundball, 4D, EV 95.6 MPH) Mark Reeg to second Runner from 2nd tries for 3rd, SAFE, throw by CF made to third
|
Batting: RHB Juan Martinez
|
0-0: Ball 1-0: Fly out, F9 (Flyball, 89M, EV 95.6 MPH) Runner from 3rd tags up, SCORES, no throw by RF
|
Batting: LHB Justin Balthazor
|
0-0: Ball 1-0: Ball 2-0: Foul Ball, location: 2F 2-1: Ball 3-1: SINGLE (Groundball, 34D, EV 97.5 MPH) Griffin Ferris to second Runner from 2nd tries for 3rd, SAFE, no throw by RF
|
Batting: RHB Ryuji Ito
|
0-0: Foul Ball, location: 2F 0-1: Foul Ball, location: 2F 0-2: Ball 1-2: Ball 2-2: Ball 3-2: Fly out, F8 (Flyball, 8LD, EV 89.4 MPH)
|
Batting: RHB Kinya Nishimura
|
0-0: Called Strike 0-1: Fielders Choice at 2nd, 5-4 (Groundball, 56, EV 102.5 MPH)
|
Bottom of the 4th over - 1 run, 3 hits, 0 errors, 2 left on base; Bowie 1 - Arkansas 1 |
TOP OF THE 5TH |
Bowie Baysox batting - Pitching for Arkansas Travelers : RHP Luis Cabrera
|
Batting: RHB Ray Sims
|
0-0: Ball 1-0: Foul Ball, location: 2F 1-1: Foul Ball, location: 2F 1-2: Ground out 5-3 (Groundball, 56S, EV 93.1 MPH)
|
Batting: RHB Antonio Gamez
|
0-0: Ground out 4-3 (Groundball, 4, EV 104.4 MPH)
|
Batting: RHB Jeremy Sipe
|
0-0: Ball 1-0: Foul Ball, location: 2F 1-1: Ball 2-1: Foul Ball, location: 2F 2-2: Ground out 1-3 (Groundball, 34S, EV 68.1 MPH)
|
Top of the 5th over - 0 runs, 0 hits, 0 errors, 0 left on base; Bowie 1 - Arkansas 1 |
BOTTOM OF THE 5TH |
Arkansas Travelers batting - Pitching for Bowie Baysox : RHP Cody Calderon
|
Batting: LHB Larry Prey
|
0-0: Called Strike 0-1: Ball 1-1: Ball 2-1: Foul Ball, location: 2F 2-2: Strikes out swinging
|
Batting: RHB Jose Ramirez
|
0-0: Ball 1-0: Called Strike 1-1: Ball 2-1: Ball 3-1: Foul Ball, location: 2F 3-2: SINGLE (Line Drive, 56, EV 109.4 MPH)
|
Batting: RHB Juan Montez
|
0-0: Called Strike 0-1: TRIPLE (Groundball, 3L, EV 104.4 MPH) Jose Ramirez scores
|
Batting: LHB Mark Reeg
|
0-0: Ground out 5-3 (Groundball, 25, EV 71.2 MPH)
|
Batting: LHB Griffin Ferris
|
0-0: Called Strike 0-1: Ball 1-1: Foul Ball, location: 2F 1-2: Strikes out looking
|
Bottom of the 5th over - 1 run, 2 hits, 0 errors, 1 left on base; Bowie 1 - Arkansas 2 |
TOP OF THE 6TH |
Bowie Baysox batting - Pitching for Arkansas Travelers : RHP Luis Cabrera
|
Batting: LHB Tom Edwards
|
0-0: Ball 1-0: Ball 2-0: Ball 3-0: Base on Balls
|
Batting: RHB Travis Leonard
|
0-0: Called Strike 0-1: SINGLE (Groundball, 56S, EV 72.5 MPH) (infield hit) Tom Edwards to second
|
Batting: LHB Andrew Erens
|
0-0: Ball 1-0: Reached on error, E4 (Groundball, 4, EV 86.2 MPH) Tom Edwards to third Travis Leonard to second
|
Batting: LHB Justin Moore
|
0-0: Ball 1-0: GRAND SLAM HOME RUN (Flyball, 78XD, EV 106.2 MPH), Distance : 415 ft
|
Pitching: RHP Tyler Keenan
|
|
Batting: RHB John Gray
|
0-0: Ball 1-0: Ball 2-0: Ground out 4-3 (Groundball, 4, EV 78.8 MPH)
|
Batting: RHB Mike Pitts
|
0-0: Ball 1-0: DOUBLE (Line Drive, 7LD, EV 104.4 MPH)
|
Batting: RHB Ray Sims
|
0-0: Fly out, F8 (Line Drive, 8LM, EV 101.9 MPH)
|
Batting: RHB Antonio Gamez
|
0-0: Ball 1-0: Called Strike 1-1: Foul Ball, location: 2F 1-2: Strikes out looking
|
Top of the 6th over - 4 runs, 3 hits, 1 error, 1 left on base; Bowie 5 - Arkansas 2 |
BOTTOM OF THE 6TH |
Arkansas Travelers batting - Pitching for Bowie Baysox : RHP Cody Calderon
|
Batting: RHB Juan Martinez
|
0-0: Foul Ball, location: 2F 0-1: Ball 1-1: Ball 2-1: Foul Ball, location: 2F 2-2: Ball 3-2: Base on Balls
|
Batting: LHB Justin Balthazor
|
0-0: Ball 1-0: Foul Ball, location: 2F 1-1: Ball 2-1: Ball 3-1: Base on Balls Juan Martinez to second
|
Batting: RHB Ryuji Ito
|
0-0: Ball 1-0: Foul Ball, location: 2F 1-1: Ball 2-1: Foul Ball, location: 2F 2-2: Fly out, F4 (Line Drive, 4, EV 74.4 MPH)
|
Batting: RHB Kinya Nishimura
|
0-0: Ball 1-0: Called Strike 1-1: Ground out 5-3 (Groundball, 56S, EV 72.5 MPH) Juan Martinez to third Justin Balthazor to second
|
Batting: LHB Larry Prey
|
0-0: Fly out, F8 (Flyball, 78S, EV 79.4 MPH)
|
Bottom of the 6th over - 0 runs, 0 hits, 0 errors, 2 left on base; Bowie 5 - Arkansas 2 |
TOP OF THE 7TH |
Bowie Baysox batting - Pitching for Arkansas Travelers : RHP Tyler Keenan
|
Pitching: LHP Steve McClain
|
|
Batting: RHB Jeremy Sipe
|
0-0: Foul Ball, location: 2F 0-1: Ball 1-1: Foul Ball, location: 2F 1-2: Foul Ball, location: 2F 1-2: Strikes out swinging
|
Batting: LHB Tom Edwards
|
0-0: Called Strike 0-1: Ball 1-1: Ball 2-1: Swinging Strike 2-2: Ball 3-2: Foul Ball, location: 2F 3-2: Base on Balls
|
Batting: RHB Travis Leonard
|
0-0: Called Strike Tom Edwards steals 2nd base (no throw) 0-1: Called Strike 0-2: Ground out 6-3 (Groundball, P, EV 86.9 MPH) Tom Edwards to third
|
Batting: LHB Andrew Erens
|
0-0: Foul Ball, location: 2F 0-1: Ground out 6-3 (Groundball, 6, EV 108.8 MPH)
|
Top of the 7th over - 0 runs, 0 hits, 0 errors, 1 left on base; Bowie 5 - Arkansas 2 |
BOTTOM OF THE 7TH |
Arkansas Travelers batting - Pitching for Bowie Baysox : RHP Cody Calderon
|
Batting: RHB Jose Ramirez
|
0-0: Ball 1-0: Foul Ball, location: 2F 1-1: Ball 2-1: Fly out, F3 (Popup, 3S, EV 79.4 MPH)
|
Pitching: RHP Jon Grason
|
|
Batting: RHB Juan Montez
|
0-0: Reached on error, E5 (Groundball, 56, EV 81.9 MPH)
|
Batting: LHB Mark Reeg
|
0-0: Ball 1-0: Ball 2-0: Called Strike 2-1: Ball 3-1: Called Strike 3-2: Ground out 4-3 (Groundball, P, EV 86.9 MPH) Juan Montez to second
|
Batting: LHB Griffin Ferris
|
0-0: Ball 1-0: Called Strike 1-1: Swinging Strike 1-2: Strikes out swinging
|
Bottom of the 7th over - 0 runs, 0 hits, 1 error, 1 left on base; Bowie 5 - Arkansas 2 |
TOP OF THE 8TH |
Bowie Baysox batting - Pitching for Arkansas Travelers : LHP Steve McClain
|
Pitching: LHP Bryan Payne
|
|
Batting: LHB Justin Moore
|
0-0: Ball 1-0: Called Strike 1-1: Called Strike 1-2: Ball 2-2: Foul Ball, location: 2F 2-2: Ball 3-2: Fly out, F7 (Line Drive, 7, EV 101.2 MPH)
|
Batting: RHB John Gray
|
0-0: Swinging Strike 0-1: Foul Ball, location: 2F 0-2: Ball 1-2: Ball 2-2: Ground out 5-3 (Groundball, 5S, EV 71.2 MPH)
|
Batting: RHB Mike Pitts
|
0-0: Ball 1-0: Called Strike 1-1: Ball 2-1: Foul Ball, location: 2F 2-2: Foul Ball, location: 2F 2-2: Strikes out swinging
|
Top of the 8th over - 0 runs, 0 hits, 0 errors, 0 left on base; Bowie 5 - Arkansas 2 |
BOTTOM OF THE 8TH |
Arkansas Travelers batting - Pitching for Bowie Baysox : RHP Jon Grason
|
Batting: RHB Juan Martinez
|
0-0: Called Strike 0-1: Swinging Strike 0-2: Ball 1-2: Strikes out swinging, 2-3 out at first.
|
Batting: LHB Justin Balthazor
|
0-0: Swinging Strike 0-1: Ball 1-1: Fly out, F8 (Line Drive, 8LD, EV 93.1 MPH)
|
Batting: RHB Ryuji Ito
|
0-0: Called Strike 0-1: Ball 1-1: Ground out 5-3 (Groundball, 56, EV 82.5 MPH)
|
Bottom of the 8th over - 0 runs, 0 hits, 0 errors, 0 left on base; Bowie 5 - Arkansas 2 |
TOP OF THE 9TH |
Bowie Baysox batting - Pitching for Arkansas Travelers : LHP Bryan Payne
|
Pitching: LHP Kyle Worford
|
|
Batting: RHB Ray Sims
|
0-0: Foul Ball, location: 2F 0-1: Ball 1-1: Ground out 4-3 (Groundball, P, EV 91.2 MPH)
|
Batting: RHB Antonio Gamez
|
0-0: Called Strike 0-1: Foul Ball, location: 2F 0-2: Fly out, F9 (Flyball, 89D, EV 97.5 MPH)
|
Batting: RHB Jeremy Sipe
|
0-0: Ball 1-0: Called Strike 1-1: Ball 2-1: Foul Ball, location: 2F 2-2: Foul Ball, location: 2F 2-2: Ball 3-2: Base on Balls
|
Batting: LHB Tom Edwards
|
0-0: Called Strike Jeremy Sipe is caught stealing 2nd base 2-6
|
Top of the 9th over - 0 runs, 0 hits, 0 errors, 0 left on base; Bowie 5 - Arkansas 2 |
BOTTOM OF THE 9TH |
Arkansas Travelers batting - Pitching for Bowie Baysox : RHP Jon Grason
|
Pitching: RHP Manny Rolfe
|
|
Batting: RHB Kinya Nishimura
|
0-0: Ball 1-0: Called Strike 1-1: DOUBLE (Line Drive, 7LM, EV 100.6 MPH)
|
Pinch Hitting: SHB Mario Padron
|
0-0: Called Strike 0-1: Ball 1-1: Swinging Strike 1-2: Foul Ball, location: 2F 1-2: Foul Ball, location: 2F 1-2: Strikes out looking
|
Batting: RHB Jose Ramirez
|
0-0: Ball 1-0: Called Strike 1-1: SINGLE (Line Drive, 56, EV 96.2 MPH) Kinya Nishimura to third
|
Batting: RHB Juan Montez
|
0-0: Ball 1-0: Foul Ball, location: 2F 1-1: SINGLE (Groundball, 4M, EV 107.5 MPH) (infield hit) Kinya Nishimura scores Jose Ramirez to second
|
Batting: LHB Mark Reeg
|
0-0: Swinging Strike 0-1: Ball 1-1: SINGLE (Flyball, 89S, EV 86.9 MPH) Jose Ramirez to third Juan Montez to second
|
Batting: LHB Griffin Ferris
|
0-0: Ball 1-0: Ball Wild Pitch! Jose Ramirez scores Juan Montez to third Mark Reeg to second 2-0: Intentional Walk
|
Batting: RHB Juan Martinez
|
0-0: Fly out, F2 (Popup, 2L, EV 95.0 MPH)
|
Batting: LHB Justin Balthazor
|
0-0: Foul Ball, location: 2F 0-1: Foul Ball, location: 2F 0-2: Foul Ball, location: 2F 0-2: Ball 1-2: Ground out 1-3 (Groundball, 13S, EV 67.5 MPH)
|
Bottom of the 9th over - 2 runs, 4 hits, 0 errors, 3 left on base; Bowie 5 - Arkansas 4 |
|